AoeStats
← 西格玛啊基

Pilgrims

508739872Analyzed
4v4 RM · 9d ago on Sep 23, 2026· 22m 20s· 8 players
Game mode
Random Map
Map size
Large (8 player)
Population
200
Speed
Normal
Resources
Standard
Victory
Conquest
Starting age
Dark Age
Ending age
Imperial Age
RankedLock teamsTeams togetherTeam positionsShared explorationLock speedFull tech treeHidden civsTurbo modeCheats
Victory
Defeat
🇦🇷 Bengalis · Argentina
1185
+14
🇺🇸 Varangians · United States
1169
+15
🇸🇰 Maya · Slovakia
1129
+17
🇦🇷 Koreans · Argentina
1106
+18
🇮🇪 Vikings · Ireland
1215
-20
🇮🇪 Persians · Ireland
1202
-18
🇮🇪 Italians · Ireland
1083
-13
1074
-13
msmatossms
5:39 Loom
10:47 Feudal Age
13:52 Town Watch
14:19 Fletching
西格玛啊基
3:01 Loom
3:12 Loom
11:39 Feudal Age
14:31 Double-Bit Axe
14:29 Horse Collar
17:28 Castle Age
16:10 Stone Mining
17:09 Gold Mining
18:47 Bow Saw
18:35 Fletching
Sigzil
4:06 Loom
11:01 Feudal Age
11:35 Double-Bit Axe
18:07 Fletching
24:32 Castle Age
El Adriel
11:37 Loom
13:27 Feudal Age
14:51 Double-Bit Axe
15:02 Fishing Lines
17:59 Castle Age
15:51 Gold Mining
17:20 Scale Barding Armor
18:38 Forging
19:30 Bow Saw
19:48 Gillnets
21:30 Wheelbarrow
22:33 Stone Mining
23:19 Gold Shaft Mining
Kirk Van Houten's Horny Ghost
8:52 Loom
10:55 Feudal Age
11:58 Double-Bit Axe
16:29 Gold Mining
17:35 Horse Collar
20:25 Castle Age
18:31 Scale Mail Armor
18:41 Forging
20:15 Arson
21:26 Squires
21:12 Gambesons
22:09 Gold Shaft Mining
MightyThor
11:02 Feudal Age
14:05 Forging
15:28 Padded Archer Armor
15:35 Scale Barding Armor
18:51 Fishing Lines
Ocean
11:15 Feudal Age
11:53 Double-Bit Axe
13:05 Fletching
17:47 Castle Age
17:26 Horse Collar
18:23 Gold Mining
18:50 Medium Warships
19:14 Thumb Ring
19:38 Crossbowman
20:44 Bodkin Arrow
20:59 Stone Mining
Cornflakes
9:23 Loom
11:55 Feudal Age
12:30 Double-Bit Axe
12:09 Man-at-Arms
19:27 Castle Age
18:55 Fletching
19:50 Padded Archer Armor
19:43 Crossbowman
Connection lost

Rejoining the realm…

Still unreachable

The connection could not be restored.

Session expired

The server has moved on; the page needs a fresh start.